 Dungeon Crawl Stone Soup version 0.22-a0-542-gce4f928 (webtiles) character file.

261 nikopol the Magician (level 5, -3/28 HPs)
             Began as a Deep Elf Fire Elementalist on June 24, 2018.
             Slain by Menkaure (7 damage)
             ... on level 4 of the Dungeon.
             The game lasted 00:20:49 (4073 turns).

nikopol the Magician (Deep Elf Fire Elementalist)   Turns: 4073, Time: 00:20:49

Health: -3/28      AC:  2    Str:  5    XL:     5   Next: 96%
Magic:  1/14       EV: 13    Int: 21    God:
Gold:   223        SH:  0    Dex: 15    Spells: 4/14 levels left

rFire    . . .     SeeInvis .   p - +1 dagger (freeze)
rCold    . . .     Gourm    .   (no shield)
rNeg     . . .     Faith    .   a - +0 robe
rPois    .         Spirit   .   (no helmet)
rElec    .         Reflect  .   (no cloak)
rCorr    .         Harm     .   (no gloves)
MR       .....                  (no boots)
Stlth    ++........             (no amulet)
HPRegen  0.09/turn              (no ring)
MPRegen  0.14/turn              (no ring)

@: very slightly contaminated
A: no striking features
a: no special abilities


You were on level 4 of the Dungeon.
You were not hungry.

You visited 1 branch of the dungeon, and saw 4 of its levels.

You collected 223 gold pieces.

Inventory:

Hand Weapons
 p - a +1 dagger of freezing (weapon)
Armour
 a - a +0 robe (worn)
Scrolls
 b - a scroll of amnesia {unknown}
 d - 3 scrolls of teleportation {unknown}
 f - a scroll of remove curse {unknown}
 h - 7 scrolls of identify {unknown}
 i - a scroll of fear {unknown}
 j - a scroll of immolation {unknown}
 k - a scroll of fog {unknown}
 m - 2 scrolls of magic mapping {unknown}
Potions
 e - 2 potions of curing {unknown}
 g - 3 potions of heal wounds {unknown}
 l - a potion of berserk rage {unknown}
 n - a potion of lignification {unknown}
 o - 2 potions of magic {unknown}
 q - a potion of flight {unknown}
 r - 2 potions of resistance {unknown}
 s - a potion of degeneration {unknown}
Comestibles
 c - 4 rations


   Skills:
 + Level 3.1 Dodging
 + Level 3.2 Stealth
 + Level 5.3 Spellcasting
 + Level 3.3 Conjurations
 + Level 4.7 Fire Magic


You had 4 spell levels left.
You knew the following spells:

 Your Spells              Type           Power        Failure   Level  Hunger
a - Flame Tongue          Conj/Fire      ###..        1%          1    None
b - Throw Flame           Conj/Fire      ###...       3%          2    None
c - Conjure Flame         Conj/Fire      ###.....     6%          3    ##.....
d - Sticky Flame          Conj/Fire      ###.....     21%         4    ####...

Your spell library contained the following spells:

 Spells                   Type           Power        Failure   Level  Hunger
 Fireball                 Conj/Fire      ###.......   50%         5    #####..
 Spider Form              Tmut/Pois      #.........   32%         3    ##.....
 Blade Hands              Tmut           #.........   96%         5    #####..
 Ice Form                 Ice/Tmut       #.......     71%         4    ####...
 Sticks to Snakes         Tmut           #.......     16%         2    None
 Inner Flame              Hex/Fire       ###.....     12%         3    ##.....
 Beastly Appendage        Tmut           #.....       11%         1    None


Dungeon Overview and Level Annotations

Branches:
Dungeon (4/15)
 Temple: D:4-7

Altars:

Annotations:
D:4 1 runed door, Goblin1989's ghost, amateur OpFE; Menkaure


Message History

You miscast Sticky Flame.
Fire whirls out from your hands!
A fire vortex comes into view.
Menkaure barely misses you.
Casting: Sticky Flame (slightly dangerous; 21% risk of failure)
Confirm with . or Enter, or press ? or * to list all spells.
Aiming: Sticky Flame (slightly dangerous; 21% risk of failure)
Press: ? - help, Shift-Dir - straight line, f/p - Menkaure
Aim: Menkaure The sticky flame hits Menkaure.
Menkaure is burned terribly!
Menkaure is lightly damaged.
Menkaure is covered in liquid flames!
Menkaure burns!
Casting: Sticky Flame (slightly dangerous; 21% risk of failure)
Confirm with . or Enter, or press ? or * to list all spells.
Aiming: Flame Tongue (safe; 1% risk of failure)
Press: ? - help, Shift-Dir - straight line, f/p - Menkaure
Aim: Menkaure (moderately damaged, covered in liquid flames)
The flame tongue hits Menkaure.
Menkaure appears unharmed.
Menkaure is moderately damaged.
Menkaure burns!
Menkaure hits you!
You die...

....## #..............#.......#
....# #..............#.......#
....# #..............'.......#
....# #รท.............#.....###
...#######<.)...(.......#.....###
###..#...####'##......!.#........
....#....#.....#...v....#........
...('....#.....#........+........
....#.(..'.....#@.......#........
....#....#.....#M.......#........
....#....#.....#........#........
#...###..####+##........#.#######
#...###..## ..########+
..........# ..+ ..........# ..#
..........# ...# . #.........# M.


You could see a fire vortex and Menkaure (burning).

Vanquished Creatures
  An orc priest (D:3)
  2 orc wizards
  An iguana (D:4)
  5 adders
  3 worms
  A dart slug (D:1)
  2 leopard geckos
  16 orcs
  3 giant cockroaches
  3 goblins
  12 hobgoblins
  2 jackals (D:4)
  9 kobolds
  A quokka (D:3)
  3 ball pythons
  7 bats
  7 frilled lizards
  6 rats
84 creatures vanquished.

Notes
Turn   | Place    | Note
-------+----------+-------------------------------------------
     0 | D:1      | nikopol the Deep Elf Fire Elementalist began the quest for the Orb.
     0 | D:1      | Reached XP level 1. HP: 10/10 MP: 6/6
   157 | D:1      | Reached XP level 2. HP: 13/15 MP: 1/8
   253 | D:1      | You fall through a shaft!
   253 | D:2      | Found a faded altar of an unknown god.
   575 | D:2      | Reached XP level 3. HP: 19/19 MP: 8/10
   705 | D:1      | Reached skill level 4 in Spellcasting
  1745 | D:2      | Reached XP level 4. HP: 24/24 MP: 10/12
  2002 | D:2      | Learned a level 2 spell: Throw Flame
  2006 | D:2      | Learned a level 3 spell: Conjure Flame
  2011 | D:2      | Learned a level 4 spell: Sticky Flame
  2282 | D:3      | Noticed an ogre
  2563 | D:3      | Reached XP level 5. HP: 27/28 MP: 5/13
  3066 | D:4      | Found a runed door.
  3067 | D:4      | Noticed Goblin1989's ghost (amateur OpFE)
  3617 | D:3      | Reached skill level 5 in Spellcasting
  3941 | D:4      | Noticed Menkaure
  4073 | D:4      | Slain by Menkaure

Vault maps used:
D:1:      wheals_arrival_shading, minivault_24
D:2:      chequers_ecumenical_altar_simple, first_ration
D:4:      lemuel_crystal_altar, gammafunk_ghost_grave, serial_shops,
          nicolae_shop_behind_doors, uniq_menkaure

Skill      XL: |  1  2  3  4  5 |
---------------+----------------+-----
Spellcasting   | 4 5 |  5.3
Fire Magic     | 4 |  4.7
Conjurations   | 2 3 |  3.3
Dodging        | 3 |  3.1
Stealth        | 3 |  3.2

Action                   |  1- 3 |  4- 6 || total
-------------------------+-------+-------++-------
 Cast: Flame Tongue      |    83 |    79 ||   162
       Sticky Flame      |       |     8 ||     8
       Throw Flame       |       |     3 ||     3
       Conjure Flame     |       |     1 ||     1
  Eat: Chunk             |     2 |     6 ||     8
       Ration            |       |     1 ||     1
Armor: Robe              |     9 |     2 ||    11
Dodge: Dodged            |    21 |    36 ||    57

Table legend:
 A = Spawn XP
 B = Non-spawn XP
 C = Spawn XP percentage of total XP
 D = Spawn monster count
 E = Non-spawn monster count
 F = Spawn count percentage of total count
 G = Total turns spent on level
                    A         B        C        D         E        F      G
               +---------+---------+-------+---------+---------+-------+---------
         Total |       0 |     374 |   0.0 |       0 |      84 |   0.0 |  4073
               +---------+---------+-------+---------+---------+-------+---------
           D:1 |       0 |      46 |   0.0 |       0 |      28 |   0.0 |   929
           D:2 |       0 |      65 |   0.0 |       0 |      21 |   0.0 |  1261
           D:3 |       0 |     172 |   0.0 |       0 |      25 |   0.0 |  1289
           D:4 |       0 |      91 |   0.0 |       0 |      10 |   0.0 |   594
               +---------+---------+-------+---------+---------+-------+---------
